 Dungeon Crawl Stone Soup version 0.29-a0-555-g3b24f45cc1 (webtiles) character file.

Game seed: 17052432436301537666

19296 KristoblXynda the Fighter (level 12, -1/113 HPs)
             Began as a Red Draconian Berserker on June 8, 2022.
             Was a High Priest of Trog.
             Slain by a cane toad simulacrum (11 damage)
             ... in an ice cave.
             The game lasted 00:19:18 (18469 turns).

KristoblXynda the Fighter (DrBe)                   Turns: 18469, Time: 00:19:18

Health: -1/113     AC: 14    Str: 19    XL:     12   Next: 35%
Magic:  12/12      EV: 20    Int: 12    God:    Trog [*****.]
Gold:   756        SH:  6    Dex: 12    Spells: 11/11 levels left

rFire   + . .      SeeInvis +   G - +4 scimitar
rCold   . . .      Faith    .   h - +0 buckler
rNeg    . . .      Spirit   .   (body armour unavailable)
rPois   .          Reflect  .   u - +1 hat
rElec   .          Harm     .   b - +1 cloak
rCorr   .          Rampage  .   (no gloves)
Will    ++...                   C - +2 pair of boots of Fipp {*Slow Will+ SInv Stlth+}
Stlth   ++........              q - amulet of the acrobat
HPRegen 0.28/turn               H - +4 ring of evasion
MPRegen 0.13/turn               (no ring)

@: mighty, slowed, very slow
A: breathe fire, AC +8, unfitting armour, fire resistance 1, cold-blooded,
strong-willed 1
a: Breathe Fire, Renounce Religion, Berserk, Trog's Hand, Brothers in Arms


You were in an ice cave.
You worshipped Trog.
Trog was extremely pleased with you.
You visited 2 branches of the dungeon, and saw 13 of its levels.
You also visited: Ossuary and Ice Cave.

You collected 756 gold pieces.

Inventory:

Hand Weapons
 F - a +3 scimitar
 G - a +4 scimitar (weapon)
Missiles
 p - a throwing net
 D - 4 javelins (quivered)
Armour
 b - a +1 cloak (worn)
 h - a +0 buckler (worn)
 u - a +1 hat (worn)
 C - the +2 pair of boots of Fipp (worn) {*Slow Will+ SInv Stlth+}
   (You found it on level 5 of the Dungeon)

   SInv:      It lets you see invisible.
   *Slow:     It may slow you when you take damage.
   Will:      It increases your willpower.
   Stlth:     It makes you more stealthy.
Jewellery
 q - an amulet of the acrobat (around neck)
 H - a +4 ring of evasion (left hand)
Wands
 o - a wand of iceblast (19)
 y - a wand of digging (12)
 K - a wand of acid (6)
Scrolls
 c - 3 scrolls of enchant armour
 f - 8 scrolls of teleportation
 n - 4 scrolls of fog
 s - 2 scrolls of silence
 t - 2 scrolls of enchant weapon
 B - a scroll of magic mapping
 I - 2 scrolls of identify
Potions
 d - 7 potions of curing
 e - 2 potions of invisibility
 g - 7 potions of brilliance
 i - 5 potions of lignification
 j - a potion of haste
 m - 2 potions of flight
 v - a potion of resistance
 w - 4 potions of mutation
 x - 6 potions of ambrosia
 z - 2 potions of magic
 E - 3 potions of attraction


   Skills:
 + Level 12.4 Fighting
 + Level 12.0 Long Blades
 - Level 5.6 Throwing
 + Level 10.5 Dodging
 - Level 8.0 Shields
 + Level 1.9 Evocations


You had 11 spell levels left.
You didn't know any spells.
Your spell library contained the following spells:

 Spells                   Type           Power      Damage    Failure   Level
 Summon Small Mammal      Summ           0%         N/A       38%         1
 Blink                    Tloc           0%         N/A       52%         2
 Sublimation of Blood     Necr           0%         N/A       52%         2
 Wereblood                Tmut           0%         N/A       52%         2
 Call Canine Familiar     Summ           0%         N/A       77%         3
 Lesser Beckoning         Tloc           0%         N/A       77%         3
 Summon Guardian Golem    Hex/Summ       0%         N/A       77%         3
 Fireball                 Conj/Fire      0%         3d3       100%        5
 Iskenderun's Battlesphe  Conj           0%         2d6       100%        5
 Manifold Assault         Tloc           0%         N/A       100%        5
 Conjure Ball Lightning   Conj/Air       0%         3x3d6     100%        6
 Orb of Destruction       Conj           0%         9d5       100%        7
 Summon Hydra             Summ           0%         N/A       100%        7


Dungeon Overview and Level Annotations

Branches:
Dungeon (12/15)            Temple (1/1) D:7            Lair (0/6) D:10
    Orc (0/2) D:12        Ossuary (visited)           IceCv (1/1)

Altars:
Ashenzari
Cheibriados
Dithmenos
Elyvilon
Fedhas
Gozag
Hepliaklqana
Kikubaaqudgha
Makhleb
Nemelex Xobeh
Okawaru
Qazlal
Ru
Sif Muna
Trog
Uskayaw
Vehumet
Wu Jian
Xom
Yredelemnul
Zin
The Shining One
Beogh
Lugonu

Portals:
Abyss: D:9


Innate Abilities, Weirdness & Mutations

You can breathe blasts of fire.
Your fiery red scales are hard. (AC +8)
You cannot fit into any form of body armour.
Your flesh is heat resistant. (rF+)
You are cold-blooded and may be slowed by cold attacks.
You are strong-willed. (Will+)


Message History

You start resting.
You hear the crackling of a melting archway nearby.
You now have 756 gold pieces (gained 6).
You see here a +0 arbalest.
You start resting.
You hear the steady crackling of a melting archway nearby.
Found a stone staircase leading down.
Found a scroll of teleportation.
Found a frozen archway.
f - 8 scrolls of teleportation (gained 1)
There is a frozen archway here.
The world spins around you as you enter the gateway.
You enter an ice cave!
Found a pair of boots.
Found an ice covered gate leading back out of this place.
There is an ice choked empty arch of ancient stone here.
You hit the cane toad simulacrum but do no damage.
You tail-slap the cane toad simulacrum, but do no damage.
You barely miss the cane toad simulacrum.
The cane toad simulacrum hits you! The cane toad simulacrum freezes you!
You feel yourself slow down.
You slash the cane toad simulacrum!
The cane toad simulacrum is heavily damaged.
The cane toad simulacrum hits you! The cane toad simulacrum freezes you!
You feel as though you will be slow longer.
* * * LOW HITPOINT WARNING * * *
The cane toad simulacrum closely misses you.
Unknown command.
Okay, then.
You feel very mighty all of a sudden. The freezing wraith hits you.
* * * LOW HITPOINT WARNING * * *
The freezing wraith freezes you!
* * * LOW HITPOINT WARNING * * *
The freezing wraith completely misses you.
The cane toad simulacrum hits you!
* * * LOW HITPOINT WARNING * * *
The cane toad simulacrum freezes you!
You feel as though you will be slow longer.
You die...

### ...###
......#
.......##
........##
.8.......#
......Z..#
[....ZW@∩#
......Z..#
.8.......#
........##
.......##
......#
...### ###


You could see a freezing wraith, a death yak simulacrum and 2 cane toad
simulacra.

Vanquished Creatures
  Gastronok (D:10)
  Erolcha (D:9)
  A boulder beetle (D:11)
  3 two-headed ogres
  3 death yaks (D:10)
  A cyclops (D:11)
  A gargoyle (D:10)
  3 yaktaurs (D:12)
  2 trolls
  A queen bee (D:11)
  A hornet (D:8)
  Sigmund (D:6)
  A wraith (D:10)
  3 wyverns
  17 yaks
  3 vampire mosquitoes (D:11)
  3 acid dragons
  3 water moccasins
  Duvessa (D:6)
  A black bear (D:5)
  11 orc warriors
  An ice beast (D:7)
  A sky beast (D:6)
  8 ogres
  3 centaurs
  2 phantoms (D:5)
  A kobold brigand (D:6)
  3 bullfrogs
  6 necrophages
  4 scorpions
  2 water moccasin zombies (D:7)
  15 wights
  Dowan (D:6)
  14 killer bees
  2 electric eels (D:11)
  5 howler monkeys
  A centaur zombie (D:7)
  4 human zombies
  Crazy Yiuf (D:6)
  6 hounds
  9 orc priests
  6 iguanas
  Jessica (D:3)
  A hell rat (D:10)
  2 orc wizards
  A killer bee zombie (D:7)
  2 hound zombies (Ossuary)
  5 mummies
  7 gnolls
  3 adders
  A river rat (D:10)
  A shadow imp (D:5)
  4 adder zombies (Ossuary)
  A dart slug (D:2)
  7 worms
  59 orcs
  3 ball pythons
  6 endoplasms
  2 giant cockroaches
  A gnoll zombie (Ossuary)
  5 goblins
  9 hobgoblins
  3 jackals (D:3)
  4 quokkas
  8 bats
  9 frilled lizards
  7 goblin zombies (Ossuary)
  4 hobgoblin zombies (Ossuary)
  4 jackal zombies (Ossuary)
  10 kobolds
  4 kobold zombies
  2 orc zombies (Ossuary)
  3 quokka zombies (Ossuary)
  4 rats
  3 rat zombies (Ossuary)
  A lurking horror (D:9)
344 creatures vanquished.

Vanquished Creatures (others)
  A human (D:6)
  A plant (D:7)
2 creatures vanquished.

Grand Total: 346 creatures vanquished

Notes
Turn   | Place    | Note
-------+----------+-------------------------------------------
     0 | D:1      | KristoblXynda the Draconian Berserker began the quest for
                  | the Orb.
     0 | D:1      | Reached XP level 1. HP: 19/19 MP: 1/1
   218 | D:1      | Reached XP level 2. HP: 26/26 MP: 2/2
  1081 | D:2      | Reached skill level 1 in Shields
  1081 | D:2      | Reached XP level 3. HP: 26/33 MP: 3/3
  1414 | D:2      | Reached XP level 4. HP: 20/40 MP: 4/4
  1414 | D:2      | Reached ** piety under Trog
  2241 | D:3      | Found a faded altar of an unknown god.
  2300 | D:3      | Reached XP level 5. HP: 39/46 MP: 5/5
  2456 | D:3      | Noticed Jessica
  2464 | D:3      | Killed Jessica
  3713 | D:4      | Reached XP level 6. HP: 61/61 MP: 6/6
  3714 | D:4      | Your scales start taking on a fiery red colour.
  3714 | D:4      | Reached XP level 7. HP: 70/70 MP: 7/7
  3714 | D:4      | Gained mutation: Your flesh is heat resistant. (rF+) [Red
                  | Draconian growth]
  3967 | D:5      | Entered Level 5 of the Dungeon
  4140 | D:5      | Reached XP level 8. HP: 78/78 MP: 8/8
  4154 | D:5      | Found a sand-covered staircase.
  4164 | Ossuary  | Entered an ossuary
  4245 | Ossuary  | Reached *** piety under Trog
  4632 | D:5      | Identified the +2 pair of boots of Fipp {*Slow Will+ SInv
                  | Stlth+}
  4990 | D:5      | Reached **** piety under Trog
  5152 | D:5      | Reached XP level 9. HP: 60/85 MP: 9/9
  5603 | D:6      | Noticed Sigmund
  5608 | D:6      | Killed Sigmund
  6245 | D:6      | Noticed Duvessa
  6246 | D:6      | Noticed Dowan
  6267 | D:6      | Killed Duvessa
  6290 | D:6      | Killed Dowan
  6291 | D:6      | Reached skill level 10 in Fighting
  6571 | D:6      | Found a snail-covered altar of Cheibriados.
  6657 | D:6      | Found a white marble altar of Elyvilon.
  7284 | D:6      | Found an ancient bone altar of Kikubaaqudgha.
  7360 | D:6      | Noticed a cacodemon
  7361 | D:6      | Found a burning altar of Makhleb.
  7365 | D:6      | Found a glowing silver altar of Zin.
  7365 | D:6      | Noticed an angel
  7406 | D:6      | Found a runed translucent door.
  7407 | D:6      | Noticed Crazy Yiuf
  7692 | D:6      | Killed Crazy Yiuf
  8530 | D:7      | Reached skill level 10 in Long Blades
  8594 | D:7      | Reached XP level 10. HP: 93/93 MP: 10/10
  8666 | D:7      | Found a staircase to the Ecumenical Temple.
  8675 | Temple   | Entered the Ecumenical Temple
  9076 | D:7      | Noticed a +0 spear
  9078 | D:7      | Noticed a +0 short sword
  9078 | D:7      | Noticed a +0 dagger
  9079 | D:7      | Noticed a +0 falchion
  9080 | D:7      | Noticed a +0 spear
  9080 | D:7      | Noticed a +0 short sword
  9080 | D:7      | Noticed a +0 falchion
  9082 | D:7      | Noticed a +0 dagger
  9125 | D:7      | Found a shadowy altar of Dithmenos.
  9293 | D:7      | Found a hide-covered altar of Uskayaw.
  9458 | D:8      | Found a blossoming altar of Fedhas.
  9603 | D:8      | Reached skill level 1 in Throwing
 10555 | D:8      | Noticed a two-headed ogre
 10561 | D:8      | Killed a two-headed ogre
 10918 | D:8      | Reached ***** piety under Trog
 11939 | D:9      | Reached XP level 11. HP: 101/101 MP: 11/11
 12313 | D:9      | Found a one-way gate to the infinite horrors of the Abyss.
 12667 | D:9      | Noticed Erolcha
 12672 | D:9      | Killed Erolcha
 12762 | D:10     | Entered Level 10 of the Dungeon
 13151 | D:10     | Found a radiant altar of Vehumet.
 13187 | D:10     | Noticed Gastronok
 13203 | D:10     | Killed Gastronok
 13415 | D:10     | Noticed a death yak
 13416 | D:10     | Noticed a death yak
 13416 | D:10     | Noticed a death yak
 13431 | D:10     | HP: 3/100 [death yak (19)]
 13433 | D:10     | Gained mutation: You are strong-willed. (Will+) [potion of
                  | mutation]
 13433 | D:10     | Lost mutation: You are strong-willed. (Will+) [potion of
                  | mutation]
 13433 | D:10     | Gained mutation: You are strong-willed. (Will+) [potion of
                  | mutation]
 13434 | D:10     | Killed a death yak
 13445 | D:10     | Killed a death yak
 13451 | D:10     | Killed a death yak
 13454 | D:10     | Found a staircase to the Lair.
 14424 | D:9      | Noticed a two-headed ogre
 14432 | D:9      | Killed a two-headed ogre
 14433 | D:9      | Reached skill level 10 in Dodging
 14496 | D:9      | Reached skill level 5 in Throwing
 14889 | D:9      | Found a corrupted altar of Lugonu.
 15245 | D:11     | Noticed a two-headed ogre
 15255 | D:11     | Killed a two-headed ogre
 15256 | D:11     | Reached XP level 12. HP: 81/112 MP: 12/12
 16467 | D:11     | Received a gift from Trog
 17140 | D:11     | Noticed a boulder beetle
 17168 | D:11     | Killed a boulder beetle
 18082 | D:11     | Reached skill level 1 in Evocations
 18453 | D:12     | Found a frozen archway.
 18462 | IceCv    | Entered an ice cave
 18469 | IceCv    | Slain by a cane toad simulacrum

Illustrated notes

Levels and vault maps discovered:
D:1:      amcnicky_arrival_double_pillar, layout_loops_cross,
          minmay_splitting_lines, minmay_pentomino_p2
D:2:      layout_basic, minmay_misc_feat_alley
D:3:      layout_basic, basic_ecumenical_altar, uniq_jessica
D:4:      layout_gridville
D:5:      layout_basic, nicolae_ossuary_entry_giza, grunt_ministairs_2,
          minmay_chambers_of_fives
D:6:      minmay_general_purpose_star, layout_rooms,
          grunt_temple_overflow_order_and_chaos_2, tgw_kikubaaqudgha,
          mainiacjoe_overflow_catwalk_spiral, uniq_sigmund,
          uniq_crazy_yiuf_cottage, uniq_duvessa
D:7:      layout_rooms, lemuel_tele_altar, nicolae_uskayaw_en_pointe,
          minmay_temple_entry_overgrown, serial_undead, serial_undead_e,
          serial_undead_c, serial_undead_d, serial_undead_c, dk_rats_in_the_wall
D:8:      layout_basic, mainiacjoe_overflow_boulevard, serial_glass,
          glass_columns_b, glass_columns_a, item_on_display_a, feat_on_display,
          feat_on_display, due_unseen_surprise, special_room [special_room_orc]
D:9:      layout_stronghold, chequers_serial_rivers_micro_b,
          amcnicky_altar_lugonu_corruption, uniq_erolcha
D:10:     layout_long_grid, nicolae_vehumet_altar_sigil, dpeg_lair_monsters,
          uniq_gastronok
D:11:     layout_basic, special_room [special_room_orc], hive_lemuel
D:12:     layout_grid_maze, orc_0_dummy, ebering_ghost_inner_flame,
          portal_ice_cave_entry_pillars_2, minmay_hedge_maze
Temple:   nicolae_temple_god_jail
IceCv:    ice_cave_statue_garden_transporter

Skill      XL: |  1  2  3  4  5  6  7  8  9 10 11 12 |
---------------+-------------------------------------+-----
Dodging        | 3 6 7 8 9 10 | 10.5
Shields        | 1 6 7 8 |  8.0
Fighting       | 4 8 9 10 12 | 12.4
Long Blades    | 7 8 9 10 11 12 | 12.0
Throwing       | 3 5 |  5.6
Evocations     | 1 |  1.9

Action                   |  1- 3 |  4- 6 |  7- 9 | 10-12 || total
-------------------------+-------+-------+-------+-------++-------
Melee: Falchion          |   122 |    88 |   623 |    94 ||   927
       Tailslap          |    11 |     6 |   114 |   136 ||   267
       Scimitar          |       |       |       |   571 ||   571
       Long sword        |       |       |       |    52 ||    52
Throw: Javelin           |       |       |       |     1 ||     1
Invok: Berserk           |     1 |     1 |     9 |     5 ||    16
       Trog's Hand       |       |       |       |     4 ||     4
 Abil: Breathe Fire      |       |       |     3 |    14 ||    17
Evoke: Wand              |       |       |     2 |    10 ||    12
  Use: Scroll            |       |     5 |    13 |     7 ||    25
       Potion            |       |     2 |     2 |     9 ||    13
 Stab: Sleeping          |     1 |     1 |     3 |       ||     5
Armor: Skin              |    48 |    21 |   177 |   182 ||   428
Dodge: Dodged            |    89 |    51 |   365 |   532 ||  1037
Block: Buckler           |    10 |     6 |   128 |   178 ||   322

Table legend: (Time is in decaauts)
 A = Elapsed time spent in this place.
 B = Non-inter-level travel time spent in this place.
 C = Inter-level travel time spent in this place.
 D = Time resting spent in this place.
 E = Time spent auto-exploring this place.
 F = Levels seen in this place.
 G = Mean time per level.
                   A        B        C        D        E       F      G
               +--------+--------+--------+--------+--------+-----+--------+
         Total |  18515 |  18150 |    365 |   7153 |   8134 |  15 | 1234.3 |
       Dungeon |  18017 |  17665 |    352 |   7153 |   7912 |  12 | 1501.4 |
        Temple |     53 |     40 |     13 |      0 |     29 |   1 |   53.0 |
       Ossuary |    437 |    437 |      0 |      0 |    193 |   1 |  437.0 |
      Ice Cave |      6 |      6 |      0 |      0 |      0 |   1 |    6.0 |
               +--------+--------+--------+--------+--------+-----+--------+

Top non-repeatable levels by time:
    D:11: 2951 daAuts
     D:6: 2408 daAuts
     D:9: 2179 daAuts
     D:8: 2095 daAuts
    D:10: 1520 daAuts
     D:7: 1377 daAuts
     D:3: 1358 daAuts
     D:1: 1040 daAuts
     D:5: 1038 daAuts
     D:2: 1012 daAuts
     D:4: 759 daAuts
 Ossuary: 437 daAuts
    D:12: 275 daAuts
  Temple: 53 daAuts
   IceCv: 6 daAuts
